 Dungeon Crawl Stone Soup version 0.27-a0-1525-g1038ab4fd7 (webtiles) character file.

Game seed: 9970011856176357357

1411 nyamberluvr69 the Carver (level 8, -2/59 (61) HPs)
             Began as an Octopode Berserker on July 11, 2021.
             Was a Believer of Trog.
             Slain by a wight (3 damage)
             ... on level 8 of the Dungeon.
             The game lasted 00:06:58 (6419 turns).

nyamberluvr69 the Carver (Octopode Berserker)       Turns: 6419, Time: 00:06:58

HP:   -2/59 (61)    AC:  1    Str: 16    XL:     8   Next: 70%
MP:   8/8           EV: 13    Int: 10    God:    Trog [**....]
Gold: 248           SH:  5    Dex: 13    Spells: 7/7 levels left

rFire    + . .     SeeInvis .   y - +2 great sword (holy)
rCold    . . .     Faith    .   (shield currently unavailable)
rNeg     . . .     Spirit   .   (helmet restricted)
rPois    .         Reflect  +   t - amulet of reflection
rElec    .         Harm     .   g - ring of protection from fire
rCorr    +         Rampage  .   k - +4 ring of slaying
Will     ++...                  v - ring of resist corrosion
Stlth    ++........             (no ring)
HPRegen  1.19/turn              (no ring)
MPRegen  0.11/turn              (no ring)
                                (no ring)
                                (no ring)

@: strong-willed, on berserk cooldown, regenerating, slowed, lightly drained,
very slow
A: almost no armour, amphibious, 8 rings, camouflage 1, gelatinous body 1,
(nimble swimmer 1), tentacles
a: Renounce Religion, Berserk, Trog's Hand


You were on level 8 of the Dungeon.
You worshipped Trog.
Trog was pleased with you.
You visited 1 branch of the dungeon, and saw 7 of its levels.

You collected 248 gold pieces.

Inventory:

Hand Weapons
 a - a +0 falchion
 w - a +0 long sword
 y - a +2 great sword of holy wrath (weapon)
Missiles
 z - a curare-tipped dart (quivered)
Jewellery
 e - an amulet of faith
 g - a ring of protection from fire (left tentacle)
 k - a +4 ring of slaying (right tentacle)
 t - an amulet of reflection (around mantle)
 v - a ring of resist corrosion (on tentacle)
Wands
 f - a wand of iceblast (7)
Scrolls
 b - a scroll of magic mapping
 c - 2 scrolls of teleportation {unknown}
 i - a scroll of fear {unknown}
 p - 2 scrolls of identify {unknown}
 q - a scroll of amnesia {unknown}
 r - 2 scrolls of noise {unknown}
 s - a scroll of fog {unknown}
 u - a scroll of immolation {unknown}
 x - a scroll of brand weapon {unknown}
Potions
 d - 2 potions of curing {unknown}
 h - a potion of lignification {unknown}
 j - 3 potions of heal wounds {unknown}
 l - 2 potions of magic {unknown}
 m - a potion of degeneration {unknown}
 n - a potion of haste {unknown}
 o - 2 potions of brilliance {unknown}


   Skills:
 + Level 8.0 Fighting
 + Level 8.0 Long Blades
 - Level 3.0 Dodging


You had 7 spell levels left.
You didn't know any spells.
Your spell library was empty.

Dungeon Overview and Level Annotations

Branches:
Dungeon (6/15)             Temple (0/1) D:6            Lair (0/6) D:8

Altars:
Elyvilon
Fedhas
Makhleb
Nemelex Xobeh
Ru
Xom

Shops:
D:4 [

Annotations:
D:3 3 runed translucent doors, Spaninq's ghost, weakling DsDe
D:4 3 runed translucent doors, tasumai's ghost, amateur DsBe


Innate Abilities, Weirdness & Mutations

You cannot wear most types of armour.
You are amphibious.
You can wear up to eight rings at the same time.
Your skin changes colour to match your surroundings (Stealth+).
Your rubbery body absorbs attacks. (AC +1, EV +1)
((You are camouflaged near water. (Stealth+)))
You have tentacles for arms and can constrict up to eight enemies at once.


Message History

Your Fighting skill increases to level 8!
Your Long Blades skill increases to level 8!
The wight closely misses you.
You feel the effects of Trog's Hand fading.
You block the wight's attack. The wight closely misses you.
You see here a killer bee corpse.
Your skin stops crawling.
You feel less strong-willed. The wight barely misses you.
The wight barely misses you. The wight misses you.
The wight hits you with a +0 morningstar!
Aiming: Iceblast
Press: ? - help, Shift-Dir - straight line, f - wight
Aim: a wight, wielding a +0 morningstar and wearing a +0 robe That beam is likely to hit you.
Continue anyway?
The mass of ice explodes!
The iceblast engulfs the wight.
The wight partially resists.
The wight is heavily damaged.
The iceblast engulfs the wight.
The wight partially resists.
The wight is lightly damaged.
The iceblast engulfs you!
The wight hits you with a +0 morningstar!
* * * LOW HITPOINT WARNING * * *
You block the wight's attack. The wight barely misses you.
The wight barely misses you.
You riposte.
You closely miss the wight. You grab the wight.
The wight is moderately damaged.
The wight hits you with a +0 falchion.
* * * LOW HITPOINT WARNING * * *
Your skin crawls.
You feel strong-willed.
You constrict the wight, but do no damage.
The wight hits you with a +0 morningstar!
* * * LOW HITPOINT WARNING * * *
You feel drained.
* * * LOW HITPOINT WARNING * * *
The wight hits you with a +0 falchion.
You die...

..# ##.## ##....#)# ########
.)# #.## ##.#.#)# #......#
#.## #.# #.#.#.# #.####.#
...###.## ##.#.#.#####.####)#
##..###.##
##.##.#..........#.#
##.###..###.....#######.##.#.#
##...##.........######
#......#
..#.†##.##.#..#......#
####.###
#.....z.##.#..#z@...)# #..#
##......#..#...zz....# ##.#
P.[#....#..##.#......# #.#
P.≈#..#..............# #.#
...#.####.############ ###.#
##..........# #...#
.....#####.# #...# ..#..
#.########## #...# ##..
#.##.......######.##


You could see 3 wights.

Vanquished Creatures
  Edmund (D:4)
  An ice beast (D:5)
  A sky beast (D:8)
  An ogre (D:4)
  A centaur (D:4)
  2 phantoms
  A kobold brigand (D:8)
  A bullfrog (D:5)
  A water moccasin skeleton (D:5)
  5 killer bees (D:8)
  A wight (D:8)
  A jelly (D:4)
  An orc priest (D:4)
  A centaur skeleton (D:5)
  A hound (D:5)
  An iguana (D:3)
  Terence (D:2)
  3 orc wizards
  4 adders
  A worm (D:2)
  3 dart slugs
  5 orcs
  6 ball pythons
  3 endoplasms
  4 giant cockroaches
  5 goblins
  3 hobgoblins (D:2)
  7 jackals (D:3)
  13 kobolds
  3 quokkas
  8 bats
  A frilled lizard (D:1)
  7 rats
98 creatures vanquished.

Notes
Turn   | Place    | Note
-------+----------+-------------------------------------------
     0 | D:1      | nyamberluvr69 the Octopode Berserker began the quest for
                  | the Orb.
     0 | D:1      | Reached XP level 1. HP: 16/16 MP: 1/1
   498 | D:1      | Reached XP level 2. HP: 21/21 MP: 2/2
   725 | D:1      | Found a faded altar of an unknown god.
  1097 | D:2      | Reached XP level 3. HP: 12/26 MP: 3/3
  1561 | D:2      | Noticed Terence
  1567 | D:2      | Killed Terence
  1568 | D:2      | Reached XP level 4. HP: 22/33 MP: 4/4
  2148 | D:3      | Found a runed translucent gate.
  2148 | D:3      | Found a runed translucent gate.
  2148 | D:3      | Noticed Spaninq's ghost (weakling DsDe)
  2149 | D:3      | Found a runed translucent gate.
  2331 | D:3      | Reached ** piety under Trog
  2593 | D:3      | Found a sparkling altar of Nemelex Xobeh.
  2678 | D:3      | Found a white marble altar of Elyvilon.
  2768 | D:3      | Found a sacrificial altar of Ru.
  2789 | D:3      | Reached XP level 5. HP: 7/38 MP: 5/5
  3124 | D:4      | Noticed a centaur
  3125 | D:4      | Noticed Edmund
  3389 | D:4      | Killed a centaur
  3714 | D:4      | Noticed an ogre
  3721 | D:4      | Killed an ogre
  3722 | D:4      | Reached skill level 5 in Fighting
  3722 | D:4      | Reached skill level 5 in Long Blades
  3722 | D:4      | Reached XP level 6. HP: 45/45 MP: 6/6
  3842 | D:4      | Killed Edmund
  4021 | D:4      | Noticed tasumai's ghost (amateur DsBe)
  4023 | D:4      | Found a runed translucent gate.
  4023 | D:4      | Found a runed translucent gate.
  4023 | D:4      | Found a runed translucent gate.
  4023 | D:4      | Noticed a wyvern
  4129 | D:4      | Reached XP level 7. HP: 21/51 MP: 7/7
  4672 | D:4      | Found Ofopp's Antique Armour Shoppe.
  5039 | D:5      | Entered Level 5 of the Dungeon
  5040 | D:5      | Found an opulent altar of Gozag.
  5042 | D:5      | Found a burning altar of Makhleb.
  5042 | D:5      | Found a hide-covered altar of Uskayaw.
  5044 | D:5      | Found a sparkling altar of Nemelex Xobeh.
  5044 | D:5      | Found a shimmering altar of Xom.
  5044 | D:5      | Found a blossoming altar of Fedhas.
  5579 | D:5      | Reached XP level 8. HP: 54/58 MP: 8/8
  6105 | D:6      | You fall into a shaft and drop 2 floors!
  6383 | D:8      | Found a staircase to the Lair.
  6419 | D:8      | HP: 1/59 [wight (3)]
  6419 | D:8      | Slain by a wight

Illustrated notes

Levels and vault maps discovered:
D:1:      amcnicky_arrival_underground_garden, layout_loops_cross,
          dilly_ecumenical_altar_fadedgnrine, chequers_serial_rivers_large_b,
          chequers_serial_rivers_small_b, hex_tiny
D:2:      kb_forest_paths, layout_loops_ring, uniq_terence
D:3:      layout_loops_ring, nemelex_xobeh_ov_fountains_minmay,
          nicolae_elyvilon_peaceful_grove, nicolae_ru_awakened_eye,
          ebering_ghost_rock_garden
D:4:      layout_basic, gammafunk_ghost_split, serial_shops,
          kennysheep_mini_moat, lemuel_another_geyser, uniq_edmund
D:5:      layout_loops_cross, doesnt_xom_only_xom
D:6:      layout_layer_cave, minmay_temple_entry_antechambers,
          cheibrodos_sewer_entry_sluice, minmay_misc_feat_pillars,
          minmay_ogre_servants, uniq_pikel
D:8:      layout_loops_cross, ashenzari_altar_1, dpeg_oklobed_lair,
          grunt_ministairs_3

Skill      XL: |  1  2  3  4  5  6  7  8 |
---------------+-------------------------+-----
Long Blades    | 4 5 6 8 |  8.0
Fighting       | 4 5 6 8 |  8.0
Dodging        | |  3.0

Action                   |  1- 3 |  4- 6 |  7- 9 || total
-------------------------+-------+-------+-------++-------
Melee: Falchion          |    43 |    76 |    45 ||   164
       Tentacles         |    11 |    12 |    18 ||    41
       Constrict         |    11 |    18 |    20 ||    49
       Long sword        |       |       |    18 ||    18
       Great sword       |       |       |    27 ||    27
Invok: Berserk           |     2 |     6 |     2 ||    10
       Trog's Hand       |       |     1 |     2 ||     3
Evoke: Wand              |       |       |     1 ||     1
  Use: Scroll            |       |       |     1 ||     1
 Stab: Sleeping          |     5 |     5 |     3 ||    13
       Distracted        |       |     1 |       ||     1
Armor: Skin              |     3 |     7 |     2 ||    12
Dodge: Dodged            |    22 |    39 |    44 ||   105
Block: Other             |       |       |    15 ||    15
       Rpst.: Falchion   |     6 |    11 |     4 ||    21
       Great sword       |       |       |     4 ||     4
       Long sword        |       |       |     1 ||     1

Table legend: (Time is in decaauts)
 A = Elapsed time spent in this place.
 B = Non-inter-level travel time spent in this place.
 C = Inter-level travel time spent in this place.
 D = Time resting spent in this place.
 E = Time spent auto-exploring this place.
 F = Levels seen in this place.
 G = Mean time per level.
                   A        B        C        D        E       F      G
               +--------+--------+--------+--------+--------+-----+--------+
         Total |   6538 |   6274 |    264 |   1681 |   3940 |   7 |  934.0 |
       Dungeon |   6538 |   6274 |    264 |   1681 |   3940 |   7 |  934.0 |
               +--------+--------+--------+--------+--------+-----+--------+

Top non-repeatable levels by time:
     D:3: 1539 daAuts
     D:4: 1503 daAuts
     D:2: 1225 daAuts
     D:5: 993 daAuts
     D:1: 864 daAuts
     D:8: 330 daAuts
     D:6: 81 daAuts
